 Dungeon Crawl Stone Soup version 0.28-a0-1624-g820543e53a (webtiles) character file.

Game seed: 11070907924215964930

52 zazu2006 the Magician (level 3, -5/27 (28) HPs)
             Began as a Naga Hedge Wizard on Jan 24, 2022.
             Slain by Crazy Yiuf (14 damage)
             ... on level 2 of the Dungeon.
             The game lasted 00:02:56 (2200 turns).

zazu2006 the Magician (Naga Hedge Wizard)           Turns: 2200, Time: 00:02:57

HP:   -5/27 (28)    AC:  2    Str: 12    XL:     3   Next: 85%
MP:   8/8           EV: 10    Int: 16    God:
Gold: 104           SH:  0    Dex: 10    Spells: 8/9 levels left

rFire   . . .      SeeInvis +   a - +0 dagger
rCold   . . .      Faith    .   (no shield)
rNeg    . . .      Spirit   .   b - +0 robe
rPois   +          Reflect  .   c - +0 hat
rElec   .          Harm     .   (no cloak)
rCorr   +          Rampage  .   (no gloves)
Will    .....                   (no barding)
Stlth   ++........              (no amulet)
HPRegen 0.09/turn               d - ring of resist corrosion
MPRegen 0.11/turn               (no ring)

@: lightly drained, invisible, very slow
A: AC +1, large, see invisible, deformed body, poison resistance, slowness 2,
spit poison 1, naga tail 1
a: Spit Poison


You were on level 2 of the Dungeon.
You visited 1 branch of the dungeon, and saw 2 of its levels.

You collected 104 gold pieces.

Inventory:

Hand Weapons
 a - a +0 dagger (weapon)
Armour
 b - a +0 robe (worn)
 c - a +0 hat (worn)
Jewellery
 d - a ring of resist corrosion (left hand)
Scrolls
 g - a scroll of brand weapon {unknown}
 h - a scroll of teleportation {unknown}
 k - a scroll of enchant armour {unknown}
Potions
 i - a potion of cancellation {unknown}
 j - a potion of flight {unknown}


   Skills:
 + Level 1.9 Dodging
 + Level 3.4 Stealth
 + Level 3.9 Spellcasting
 + Level 1.5 Conjurations
 + Level 1.0 Summonings
 + Level 1.0 Translocations


You had 8 spell levels left.
You knew the following spells:

 Your Spells              Type           Power      Damage    Failure   Level
a - Magic Dart            Conj           32%        1d4       9%          1

Your spell library contained the following spells:

 Spells                   Type           Power      Damage    Failure   Level
 Slow                     Hex            12%        N/A       17%         1
 Blink                    Tloc           12%        N/A       17%         2
 Call Imp                 Summ           6%         N/A       17%         2
 Conjure Flame            Conj/Fire      5%         6-21      36%         3
 Mephitic Cloud           Conj/Pois/Air  4%         N/A       38%         3


Dungeon Overview and Level Annotations

Branches:
Dungeon (2/15)

Altars:

Shops:
D:2 *

Annotations:
D:2 Crazy Yiuf


Innate Abilities, Weirdness & Mutations

Your serpentine skin is tough. (AC +1)
You have supernaturally acute eyesight. (SInv)
Armour fits poorly on your strangely shaped body.
Your system is resistant to poisons. (rPois)
You cover ground very slowly.
You can spit poison.
You have a snake-like lower body.


Message History

Aim: Crazy Yiuf, wielding a +3 quarterstaff of chaos and wearing a +0 cloak (65% to hit)
The splash of poison hits Crazy Yiuf.
Crazy Yiuf is moderately wounded.
Crazy Yiuf says, "Island foot sing!"
Crazy Yiuf hits you with a +3 quarterstaff of chaos!
You are lethally poisoned!
Casting: Magic Dart (safe; 9% risk of failure)
Confirm with . or Enter, or press ? or * to list all spells.
You don't know that spell.
Okay, then.
* * * LOW HITPOINT WARNING * * *
You feel very sick.
It was a potion of invisibility.
You fade into invisibility!
* * * LOW HITPOINT WARNING * * *
You feel sick.
Crazy Yiuf hits you with a +3 quarterstaff of chaos.
* * * LOW HITPOINT WARNING * * *
You feel drained.
* * * LOW HITPOINT WARNING * * *
Unknown command.
It was a potion of heal wounds.
You feel much better.
You feel very sick. Crazy Yiuf misses you.
You feel sick.
Crazy Yiuf hits you with a +3 quarterstaff of chaos.
There is an open translucent door, spattered with blood here.
You have got your breath back.
You feel sick.
Crazy Yiuf whimpers, "Action ragdoll hand!"
You feel sick. Crazy Yiuf closely misses you.
You feel sick.
You feel sick.
You are no longer poisoned.
Crazy Yiuf closely misses you.
You hit Crazy Yiuf.
Crazy Yiuf is moderately wounded.
Crazy Yiuf hits you with a +3 quarterstaff of chaos!
Ouch! That really hurt!
You die...

................................#
.^..........###.................#
....#######.###...............(.#
...## #...#..................
...# #............)......#.# ...#
############........#.# ####
#........#.# # #######........#.#
# ########@#..#..####..##.. #
#...##.g#......#...#..... #
#...'.####.........#.##.. #######
#)..### ##.#...........† ......#
##### #######..#.##.# ......#
#.....#....# ......# #####.#..#.#
...#################### #.....#..
......................# #####.#.#


You could see Crazy Yiuf.

Vanquished Creatures
  An adder (D:2)
  A dart slug (D:1)
  8 endoplasms
  2 giant cockroaches
  4 goblins (D:1)
  3 hobgoblins
  2 quokkas
  2 ball pythons (D:2)
  2 bats
  5 frilled lizards
  5 kobolds
  5 rats (D:1)
40 creatures vanquished.

Notes
Turn   | Place    | Note
-------+----------+-------------------------------------------
     0 | D:1      | zazu2006 the Naga Hedge Wizard began the quest for the Orb.
     0 | D:1      | Reached XP level 1. HP: 15/15 MP: 4/4
   194 | D:1      | Reached XP level 2. HP: 22/22 MP: 0/6
   820 | D:1      | Reached XP level 3. HP: 28/28 MP: 0/8
  1052 | D:1      | Found a faded altar of an unknown god.
  1603 | D:2      | Found Qehuwim's General Store.
  2010 | D:2      | Found a runed translucent door.
  2011 | D:2      | Noticed Crazy Yiuf
  2193 | D:2      | HP: 1/27 [Crazy Yiuf (1)]
  2200 | D:2      | Slain by Crazy Yiuf

Illustrated notes

Levels and vault maps discovered:
D:1:      mrwooster_arrival_statue_3, layout_rooms,
          shapermc_ecumenical_altar_starsandcircs
D:2:      layout_basic, serial_shops, shop, uniq_crazy_yiuf_cottage

Action                   || total
-------------------------++-------
Melee: Dagger            ||     6
 Cast: Magic Dart        ||    91
 Abil: Spit Poison       ||    14
  Use: Potion            ||     2
Armor: Robe              ||    11
Dodge: Dodged            ||    16

Table legend: (Time is in decaauts)
 A = Elapsed time spent in this place.
 B = Non-inter-level travel time spent in this place.
 C = Inter-level travel time spent in this place.
 D = Time resting spent in this place.
 E = Time spent auto-exploring this place.
 F = Levels seen in this place.
 G = Mean time per level.
                   A        B        C        D        E       F      G
               +--------+--------+--------+--------+--------+-----+--------+
         Total |   2533 |   2477 |     56 |     41 |   2187 |   2 | 1266.5 |
       Dungeon |   2533 |   2477 |     56 |     41 |   2187 |   2 | 1266.5 |
               +--------+--------+--------+--------+--------+-----+--------+

Top non-repeatable levels by time:
     D:1: 1420 daAuts
     D:2: 1112 daAuts
